 Dungeon Crawl Stone Soup version 0.30-a0-385-gfebfb9b408 (webtiles) character file.

Game seed: 10590319814712235496

7288 ragingrage the Covert (level 10, -2/67 HPs)
             Began as an Armataur Brigand on Dec 3, 2022.
             Was a Priest of Dithmenos.
             Slain by Sonja
             ... wielding a +3 short sword of distortion
              (7 damage)
             ... on level 12 of the Dungeon.
             The game lasted 00:21:26 (9589 turns).

ragingrage the Covert (Armataur Brigand)            Turns: 9589, Time: 00:21:26

Health: -2/67      AC: 14    Str: 15    XL:     10   Next: 89%
Magic:  10/10      EV:  9    Int: 10    God:    Dithmenos [***...]
Gold:   471        SH:  5    Dex: 15    Spells: 9/9 levels left

rFire   + . .      SeeInvis .    b - +1 dagger (venom)
rCold   x . .      Faith    .    (no shield)
rNeg    . . .      Spirit   .    y - +0 troll leather armour {Pargi}
rPois   .          Reflect  +    J - +0 helmet
rElec   .          Harm     .    c - +0 cloak
rCorr   .          Roll     +    H - +1 pair of gloves
Will    .....                    (no barding)
Stlth   +++++++...               f - amulet of reflection
HPRegen 1.11/turn                L - ring of fire
MPRegen 0.12/turn                p - +4 ring of protection

@: wreathed by umbra, studying Unarmed Combat, unable to read
A: large, rugged brown scales 3, deformed body, armoured tail, roll, long
tongue, awkward tongue, claws 1, [dopey 1], [frail 2], [weak 1], [subdued magic
2], [inability to read after injury 2]
a: Renounce Religion, Shadow Step


You were on level 12 of the Dungeon.
You worshipped Dithmenos.
Dithmenos was most pleased with you.
You visited 2 branches of the dungeon, and saw 13 of its levels.
You visited the Abyss 1 time.
You also visited: Sewer.

You collected 695 gold pieces.
You spent 224 gold pieces at shops.

Inventory:

Hand Weapons
 a - a +2 dagger of flaming
 b - a +1 dagger of venom (weapon)
 P - a +0 longbow
Missiles
 d - 28 poisoned darts (quivered)
 e - 3 curare-tipped darts
 F - 4 atropa-tipped darts
 M - 6 datura-tipped darts
Armour
 c - a +0 cloak (worn)
 y - a +0 troll leather armour (worn) {Pargi}
 z - a scarf of invisibility
 A - the +4 leather armour "Mypseseo" {rF+}
   (You bought it in a shop on level 1 of the Dungeon)

   rF:        It protects you from fire.
 H - a +1 pair of gloves (worn)
 J - a +0 helmet (worn)
Jewellery
 f - an amulet of reflection (around neck)
 g - a ring of poison resistance
 p - a +4 ring of protection (right hand)
 v - a ring of ice
 L - a ring of fire (left hand)
Wands
 E - a wand of polymorph (1)
 I - a wand of digging (6)
 O - a wand of light (16)
Scrolls
 j - a scroll of teleportation
 o - a scroll of immolation {unknown}
 t - 3 scrolls of enchant weapon
 w - 2 scrolls of enchant armour
 x - a scroll of butterflies {unknown}
 C - 2 scrolls of fear
 D - a scroll of vulnerability {unknown}
 G - 3 scrolls of noise
 N - a scroll of silence {unknown}
Potions
 h - a potion of berserk rage
 i - 3 potions of curing
 k - a potion of heal wounds
 l - a potion of attraction
 m - a potion of magic
 n - a potion of ambrosia
 s - 3 potions of mutation
 u - 2 potions of brilliance
 K - a potion of cancellation


   Skills:
 + Level 4.0 Fighting
 - Level 10.0 Short Blades
 + Level 4.0 Throwing
 + Level 4.5 Armour
 - Level 0.6 Dodging
 + Level 12.9 Stealth
 + Level 3.7 Evocations


You had 9 spell levels left.
You didn't know any spells.
Your spell library contained the following spells:

 Spells                   Type           Power      Damage    Failure   Level
 Freeze                   Ice            0%         1d3       34%         1
 Sting                    Tmut/Pois      0%         1d3       34%         1
 Poisonous Vapours        Pois/Air       0%         N/A       47%         2
 Scorch                   Fire           0%         2d5       47%         2
 Frozen Ramparts          Ice            0%         1d1       73%         3
 Hailstorm                Conj/Ice       0%         3d3       73%         3
 Flame Wave               Conj/Fire      0%         2d4       99%         4
 Ice Form                 Ice/Tmut       0%         N/A       99%         4
 Olgreb's Toxic Radiance  Pois           0%         N/A       99%         4
 Simulacrum               Ice/Necr       0%         N/A       100%        6
 Summon Cactus Giant      Summ           0%         N/A       100%        6


Dungeon Overview and Level Annotations

Branches:
Dungeon (13/15)            Temple (1/1) D:5           Sewer (visited)
   Lair: D:8-11         Orc: D:9-12      Vaults: D:13-14

Altars:
Ashenzari
Cheibriados
Dithmenos
Elyvilon
Fedhas
Gozag
Hepliaklqana
Kikubaaqudgha
Makhleb
Nemelex Xobeh
Okawaru
Qazlal
Sif Muna
Uskayaw
Vehumet
Xom
Yredelemnul
Zin
The Shining One

Shops:
D:1 [   D:8 =

Annotations:
D:4 Edmund
D:12 Sonja


Innate Abilities, Weirdness & Mutations

You are completely covered in rugged brown scales. (AC +3, +7% HP)
Armour fits poorly on your strangely shaped body.
You have a long armoured tail.
You roll when moving toward enemies. (Rampage)
Your long tongue fully drains potion bottles. (2x potion effects)
Your tongue gives you trouble enunciating. (1.5x scroll delay)
You have sharp fingernails.
[You are dopey. (Int -2)]
[You are very frail. (-20% HP)]
[You are weak. (Str -2)]
[Your spells are easier to cast, but less powerful.]
[You sometimes lose the ability to read scrolls when taking damage.]


Message History

The smoke demon gestures at you. Something smites you!
You closely miss the smoke demon.
The smoke demon is almost dead.
You hit the smoke demon.
You kill the smoke demon!
Dithmenos accepts your kill.
You feel the corruption within you wane somewhat.
You feel clever.
You feel stronger.
Your connection to magic feels less subdued.
Your Fighting skill increases to level 4!
Your Throwing skill increases to level 4!
The substance of the Abyss twists violently, and a gateway leading out appears!
There is a gateway leading out of the Abyss here.
You pass through the gate.
Welcome back to the Dungeon!
Level annotation: Sonja Sonja hits you with a +3 short sword of distortion!
You feel threatened and lose the ability to read scrolls!
Space warps horribly around you! Sonja hits you but does no damage.
Sonja hits you with a +3 short sword of distortion.
Unknown command.
Unknown command.
Aiming: Polymorph
Press: ? - help, Shift-Dir - straight line, f - Sonja
Aim: Sonja, wielding a +3 short sword of distortion and quivering curare-tipped darts (umbra, will become a black bear, an ogre, or a boggart, chance to affect: 67%) Sonja struggles to resist.
Sonja barely misses you.
Sonja hits you with a +3 short sword of distortion.
You blink.
Sonja closely misses you.
Sonja hits you with a +3 short sword of distortion.
Space warps horribly around you!
* * * LOW HITPOINT WARNING * * *
Sonja hits you but does no damage. Space warps around you.
* * * LOW HITPOINT WARNING * * *
Aiming: Polymorph
Press: ? - help, Shift-Dir - straight line, f/p - Sonja
Aim: Sonja, wielding a +3 short sword of distortion and quivering curare-tipped darts (umbra, will become a black bear, an ogre, or a boggart, chance to affect: 67%) Sonja struggles to resist.
Sonja hits you with a +3 short sword of distortion!
You die...

###########################
..................>........
......###...#####..........
...#..........>).........##
..............))...........
###################'#######
........K#..........
.......ยง.@..........
##########..######## #..#
#..# #..# #..# #..# ####


You could see Sonja.

Vanquished Creatures
  A manticore (D:8)
  A large abomination (Abyss:1)
  A smoke demon (Abyss:1)
  A kobold demonologist (D:12)
  A slime creature (D:8)
  A shadow (D:8)
  3 fire bats (Abyss:1)
  A wraith (D:11)
  2 steam dragons
  4 yaks (D:12)
  Menkaure (D:4)
  A chaos spawn (Abyss:1)
  Duvessa (D:4)
  A water moccasin (D:8)
  An orc warrior (D:7)
  Pargi (Sewer)
  An ice beast (D:6)
  4 sky beasts
  A black bear (D:5)
  4 small abominations (Abyss:1)
  4 centaurs
  3 kobold brigands
  3 bullfrogs
  3 scorpions
  A necrophage (D:6)
  6 wights
  Dowan (D:4)
  5 killer bees (D:7)
  An electric eel (D:8)
  5 howler monkeys
  6 hounds
  A quasit (Abyss:1)
  A jelly (D:6)
  2 iron imps (Abyss:1)
  2 orc priests
  6 iguanas
  A gnoll bouda (D:6)
  Ijyb (D:4)
  4 orc wizards
  8 adders
  8 gnolls
  2 white imps (D:7)
  4 ufetubi
  2 worms (D:3)
  3 dart slugs
  8 orcs
  5 ball pythons
  8 bats
  5 endoplasms
  4 giant cockroaches
  4 goblins
  5 hobgoblins
  4 jackals (D:1)
  5 quokkas
  6 frilled lizards
  15 kobolds
  5 rats
189 creatures vanquished.

Notes
Turn   | Place    | Note
-------+----------+-------------------------------------------
     0 | D:1      | ragingrage the Armataur Brigand began the quest for the
                  | Orb.
     0 | D:1      | Reached XP level 1. HP: 18/18 MP: 1/1
    51 | D:1      | Found Xoimiostrot's Antique Armour Boutique.
   155 | D:1      | Reached XP level 2. HP: 23/25 MP: 2/2
   871 | D:2      | Reached XP level 3. HP: 27/31 MP: 3/3
   922 | D:2      | Found an ancient bone altar of Kikubaaqudgha.
  1356 | D:3      | Found a glowing drain.
  1380 | D:3      | Reached XP level 4. HP: 38/38 MP: 4/4
  1468 | Sewer    | Entered a sewer
  1553 | Sewer    | Noticed Pargi
  1560 | Sewer    | Killed Pargi
  1561 | Sewer    | Reached skill level 5 in Stealth
  1561 | Sewer    | Reached XP level 5. HP: 40/43 MP: 5/5
  1809 | D:1      | Bought a jewelled leather armour for 224 gold pieces
  1809 | D:1      | Identified the +4 leather armour "Mypseseo" {rF+} (You
                  | bought it in a shop on level 1 of the Dungeon)
  1883 | D:3      | Found a glowing silver altar of Zin.
  2222 | D:3      | Reached skill level 5 in Short Blades
  2255 | D:3      | Reached XP level 6. HP: 51/51 MP: 6/6
  2319 | D:4      | Noticed Ijyb
  2326 | D:4      | Killed Ijyb
  2447 | D:4      | Noticed Duvessa
  2448 | D:4      | Noticed Dowan
  2518 | D:4      | Killed Duvessa
  2519 | D:4      | Reached skill level 6 in Stealth
  2526 | D:4      | Killed Dowan
  2574 | D:4      | Noticed Edmund
  2754 | D:4      | Reached XP level 7. HP: 12/56 MP: 7/7
  2817 | D:4      | Noticed Menkaure
  2842 | D:4      | Killed Menkaure
  3120 | D:4      | Found a stormy altar of Qazlal.
  3122 | D:4      | Noticed a fire elemental
  3123 | D:4      | Noticed a water elemental
  3123 | D:4      | Noticed an air elemental
  3379 | D:5      | Entered Level 5 of the Dungeon
  3839 | D:5      | Found a staircase to the Ecumenical Temple.
  3843 | Temple   | Entered the Ecumenical Temple
  4070 | Temple   | Became a worshipper of Dithmenos the Shadowed
  4124 | D:5      | Reached skill level 7 in Stealth
  5024 | D:6      | Reached XP level 8. HP: 53/64 MP: 8/8
  5117 | D:6      | Reached skill level 8 in Stealth
  5433 | D:6      | Found a glowing golden altar of the Shining One.
  5575 | D:6      | Found a hazy altar of Hepliaklqana.
  5706 | D:7      | Reached * piety under Dithmenos
  5761 | D:7      | Reached skill level 9 in Stealth
  5797 | D:7      | Reached XP level 9. HP: 52/71 MP: 9/9
  5840 | D:7      | Found a blossoming altar of Fedhas.
  6573 | D:8      | Noticed a manticore
  6617 | D:7      | Reached skill level 10 in Short Blades
  6670 | D:8      | Reached skill level 10 in Stealth
  6756 | D:8      | Found a white marble altar of Elyvilon.
  6896 | D:8      | Found Ibeup's Jewellery Emporium.
  6901 | D:8      | Reached skill level 11 in Stealth
  6904 | D:8      | Reached ** piety under Dithmenos
  7078 | D:8      | Killed a manticore
  7079 | D:8      | Reached skill level 12 in Stealth
  7079 | D:8      | Reached XP level 10. HP: 64/78 MP: 10/10
  7214 | D:8      | Identified the +0 leather armour of Youthful Indiscretion
                  | {rC- Will+ Dex+4}
  7768 | D:9      | You fall into a shaft and drop 3 floors!
  7846 | D:12     | Noticed an orange demon
  7862 | D:12     | Reached skill level 1 in Armour
  7862 | D:12     | Reached skill level 1 in Evocations
  8251 | D:12     | Noticed Sonja
  8254 | Abyss:1  | Cast into level 1 of the Abyss (Sonja)
  8337 | Abyss:1  | Noticed a worldbinder
  8340 | Abyss:1  | Noticed a wolf spider
  8340 | Abyss:1  | Noticed a wolf spider
  8340 | Abyss:1  | Noticed a large abomination
  8348 | Abyss:1  | Noticed an ophan
  8398 | Abyss:1  | Noticed a cacodemon
  8493 | Abyss:1  | Noticed a worldbinder
  8499 | Abyss:1  | Noticed a wolf spider
  8499 | Abyss:1  | Noticed a wolf spider
  8510 | Abyss:1  | Noticed an orb spider
  8549 | Abyss:1  | Found a corrupted altar of Lugonu.
  8613 | Abyss:1  | Noticed a wretched star
  8770 | Abyss:1  | Noticed a large abomination
  8793 | Abyss:1  | Noticed a wretched star
  8830 | Abyss:1  | Found a corrupted altar of Lugonu.
  8872 | Abyss:1  | Noticed a large abomination
  8918 | Abyss:1  | Killed a large abomination
  8937 | Abyss:1  | Noticed a starcursed mass
  9129 | Abyss:1  | Noticed a green death
  9216 | Abyss:1  | Noticed a wretched star
  9226 | Abyss:1  | Gained mutation: You have sharp fingernails. [a neqoxec]
  9238 | Abyss:1  | Reached *** piety under Dithmenos
  9353 | Abyss:1  | Noticed a rakshasa
  9366 | Abyss:1  | Noticed a large abomination
  9378 | Abyss:1  | Found a viscous altar of Jiyva.
  9379 | Abyss:1  | Noticed a reaper
  9380 | Abyss:1  | Found a viscous altar of Jiyva.
  9462 | Abyss:1  | Noticed a thrashing horror
  9556 | Abyss:1  | Noticed a smoke demon
  9584 | Abyss:1  | Killed a smoke demon
  9587 | D:12     | Escaped the Abyss
  9589 | D:12     | Slain by Sonja

Illustrated notes

Levels and vault maps discovered:
D:1:      lightli_arrival_lavapool, layout_loops_ring, serial_shops, shop,
          st_stairs_13
D:2:      layout_loops_ring, basic_altar
D:3:      minmay_octagon_keep, layout_basic, zin_academy, gup_sewer_entry_glass,
          kennysheep_cross_bottleneck
D:4:      nicolae_cairo_tiling_large_dashed, layout_basic,
          nicolae_qazlal_style_of_elements, uniq_duvessa, uniq_edmund,
          uniq_menkaure, uniq_ijyb
D:5:      layout_layer_cave, minmay_temple_entry_grid
D:6:      layout_gridville, tso_metal_star, nzn_hepliaklqana_mist_gate
D:7:      layout_basic, old_standard_altar, dreamdust_wishing_well
D:8:      layout_loops_corners, nicolae_elyvilon_temple_path, serial_shops,
          shop, minmay_manual_mess
D:9:      layout_loops_corners, mainiacjoe_overflow_tiny_flanked,
          chequers_temple_overflow_statue_of_worship
D:11:     minmay_tile_spiral, layout_cave_pools, serial_rivers,
          chequers_serial_rivers_micro_a, chequers_serial_rivers_small_a,
          chequers_serial_rivers_micro_c, chequers_serial_rivers_small_a,
          chequers_serial_rivers_micro_d, chequers_serial_rivers_micro_c
D:12:     layout_stronghold, minmay_stone_trees_medium, uniq_sonja, uniq_nessos
D:13:     layout_rooms, uniq_urug, uniq_jorgrun, uniq_frances
Temple:   nicolae_temple_figure_eight

Skill      XL: |  1  2  3  4  5  6  7  8  9 10 |
---------------+-------------------------------+-----
Short Blades   | 2 3 4 5 6 7 9 10 | 10.0
Stealth        | 5 6 7 9 12 | 12.9
Fighting       | 4 |  4.0
Throwing       | 4 |  4.0
Armour         | 4 |  4.5
Evocations     | 3 |  3.7
Dodging        | |  0.6

Action                   |  1- 3 |  4- 6 |  7- 9 | 10-12 || total
-------------------------+-------+-------+-------+-------++-------
Melee: Dagger            |    91 |   149 |   369 |   364 ||   973
       Tailslap          |     8 |    19 |    60 |    74 ||   161
       Punch             |       |     2 |     2 |     8 ||    12
Throw: Dart              |       |       |       |     1 ||     1
Evoke: Wand              |       |     1 |       |     4 ||     5
  Use: Potion            |       |     3 |     3 |     2 ||     8
       Scroll            |       |       |     9 |     7 ||    16
 Stab: Sleeping          |    13 |    16 |    30 |     9 ||    68
       Distracted        |       |       |     1 |     1 ||     2
       Invisible         |       |       |       |     2 ||     2
       Petrifying        |       |       |       |     2 ||     2
Armor: Robe              |    20 |    23 |       |       ||    43
       Troll leather arm |       |    24 |    78 |   122 ||   224
Dodge: Dodged            |    35 |    46 |    79 |   124 ||   284
Block: Other             |     8 |    16 |    47 |    46 ||   117
       Reflection        |       |       |     2 |       ||     2

Table legend: (Time is in decaauts)
 A = Elapsed time spent in this place.
 B = Non-inter-level travel time spent in this place.
 C = Inter-level travel time spent in this place.
 D = Time resting spent in this place.
 E = Time spent auto-exploring this place.
 F = Levels seen in this place.
 G = Mean time per level.
                   A        B        C        D        E       F      G
               +--------+--------+--------+--------+--------+-----+--------+
         Total |   9189 |   8438 |    751 |    449 |   5525 |  15 |  612.6 |
       Dungeon |   7581 |   6869 |    712 |    250 |   5139 |  12 |  631.8 |
        Temple |    247 |    208 |     39 |      0 |    207 |   1 |  247.0 |
         Abyss |   1204 |   1204 |      0 |    199 |     79 |   1 | 1204.0 |
         Sewer |    155 |    155 |      0 |      0 |    100 |   1 |  155.0 |
               +--------+--------+--------+--------+--------+-----+--------+

Top non-repeatable levels by time:
     D:5: 1259 daAuts
 Abyss:1: 1204 daAuts
     D:8: 1059 daAuts
     D:4: 1023 daAuts
     D:7: 982 daAuts
     D:1: 815 daAuts
     D:3: 783 daAuts
     D:2: 652 daAuts
     D:6: 554 daAuts
    D:12: 434 daAuts
  Temple: 247 daAuts
   Sewer: 155 daAuts
    D:11: 14 daAuts
    D:13: 1 daAuts
